 Dungeon Crawl Stone Soup version 0.31-a0-473-g61b50ae490 (webtiles) character file.

Game seed: 13581625218114128892

511 MisterAzrael the Trooper (level 7, 0/61 HPs)
             Began as a Hill Orc Fighter on Aug 7, 2023.
             Was a Believer of Zin.
             Slain by a black bear (2 damage)
             ... on level 5 of the Dungeon.
             The game lasted 00:05:36 (3402 turns).

MisterAzrael the Trooper (Hill Orc Fighter)         Turns: 3402, Time: 00:05:37

Health: 0/61       AC: 12    Str: 21    XL:     7   Next: 19%
Magic:  10/10      EV:  6    Int:  8    God:    Zin [**....]
Gold:   234        SH:  9    Dex: 10    Spells: 6/6 levels left

rFire   . . .        a - +0 trident
rCold   . . .        c - +0 buckler
rNeg    . . .        h - +0 plate armour
rPois   .            (no helmet)
rElec   .            (no cloak)
rCorr   .            (no gloves)
SInv    .            (no boots)
Will    .....        e - amulet of reflection Stlth
                     (no ring)
HPRegen 0.30/turn    (no ring)
MPRegen 0.12/turn

%: reflection
@: mighty, on recite cooldown
A: no striking features
a: Renounce Religion, Recite, Vitalisation, Donate Gold


You were on level 5 of the Dungeon.
You worshipped Zin.
Zin was pleased with you.
You visited 1 branch of the dungeon, and saw 5 of its levels.

You collected 260 gold pieces.
You donated 26 gold pieces to Zin.

Inventory:

Hand Weapons
 a - a +0 trident (weapon)
 v - a +1 long sword of holy wrath
Missiles
 g - 5 atropa-tipped darts
Armour
 b - a +0 scale mail
 c - a +0 buckler (worn)
 h - a +0 plate armour (worn)
Jewellery
 e - an amulet of reflection (around neck)
 u - a ring of resist corrosion
Wands
 z - a wand of flame (5)
Scrolls
 d - a scroll of noise {unknown}
 f - 2 scrolls of revelation {unknown}
 j - a scroll of blinking {unknown}
 k - a scroll of fog {unknown}
 l - 3 scrolls of identify {unknown}
 m - 2 scrolls of fear {unknown}
 o - 2 scrolls of immolation {unknown}
 r - 2 scrolls of teleportation {unknown}
 x - a scroll of amnesia {unknown}
 y - a scroll of poison {unknown}
 A - a scroll of enchant armour {unknown}
Potions
 i - a potion of experience {unknown}
 n - 3 potions of curing
 p - a potion of heal wounds {unknown}
 q - a potion of cancellation {unknown}
 s - a potion of brilliance {unknown}
 t - a potion of haste {unknown}
 w - a potion of lignification {unknown}
 B - a potion of mutation {unknown}


   Skills:
 + Level 5.3 Fighting
 + Level 4.0 Polearms
 + Level 4.7 Armour
 + Level 4.8 Shields
 * Level 4.4 Invocations


You had 6 spell levels left.
You didn't know any spells.
Your spell library was empty.

Dungeon Overview and Level Annotations

Branches:
Dungeon (5/15)             Temple (0/1) D:5

Altars:
Wu Jian
Zin

Shops:
D:5 :*

Annotations:
D:3 2 transporters


Message History

You block the black bear's attack. The black bear claws you.
* * * LOW HITPOINT WARNING * * *
The black bear claws you but does no damage.
Reach: a) +0 trident
Press: ? - help, Dir - move target, f/p - ogre
Aim: an ogre, wielding a +0 giant club (severely wounded, about 26% to evade your +0 trident)
The black bear is in the way.
You hit the black bear but do no damage.
The black bear is moderately wounded.
The black bear barely misses you.
The black bear claws you but does no damage. x2
You puncture the black bear!
The black bear is heavily wounded.
You block the black bear's attack.
The black bear claws you but does no damage. x2
You feel very mighty all of a sudden.
The black bear bites you but does no damage.
You block the black bear's attack.
The black bear claws you but does no damage.
You puncture the black bear!
The black bear is almost dead.
The black bear goes berserk!
You barely miss the black bear.
The black bear is almost dead.
The black bear bites you.
* * * LOW HITPOINT WARNING * * *
You block the black bear's attack. The black bear barely misses you.
You block the black bear's attack. The black bear claws you.
* * * LOW HITPOINT WARNING * * *
The black bear closely misses you.
You barely miss the black bear.
The black bear is almost dead.
The black bear barely misses you. The black bear claws you.
* * * LOW HITPOINT WARNING * * *
The black bear claws you.
* * * LOW HITPOINT WARNING * * *
You barely miss the black bear.
The black bear is almost dead.
The black bear bites you.
You die...

#..##.###.#
##.#..# #.#
#.....# #.#
#.#.#.###.#
...#.#...#.#
#.###.###...#####
#. ... #.#.....#
# #.#####.# ~.#
#@# ##.# #h#
..#.# #O# .#
#.#####S### #.
..##S.oS..#
#..#....#
#.o..#...#
#.....##..#
#...... ..#


You could see a black bear (berserk), an ogre, 2 adders and an orc.

Vanquished Creatures
  An ogre (D:4)
  A scorpion (D:5)
  A hound (D:5)
  2 jellies (D:5)
  A sleepcap (D:5)
  4 iguanas
  6 adders
  A white imp (D:5)
  An ufetubus (D:4)
  A worm (D:3)
  4 dart slugs
  2 orcs (D:5)
  5 bats
  6 endoplasms
  6 giant cockroaches
  7 goblins
  5 hobgoblins
  6 kobolds
  3 quokkas
  6 ball pythons
  16 frilled lizards
  9 rats
94 creatures vanquished.

Notes
Turn   | Place    | Note
-------+----------+-------------------------------------------
     0 | D:1      | MisterAzrael the Hill Orc Fighter began the quest for the
                  | Orb.
     0 | D:1      | Reached XP level 1. HP: 19/19 MP: 1/1
   108 | D:1      | Reached XP level 2. HP: 27/27 MP: 2/2
   386 | D:1      | Reached skill level 4 in Fighting
   475 | D:1      | Reached XP level 3. HP: 33/33 MP: 3/3
   758 | D:2      | Found a faded altar of an unknown god.
   779 | D:2      | Reached XP level 4. HP: 40/40 MP: 4/4
  1422 | D:3      | Found a glowing silver altar of Zin.
  1471 | D:3      | Became a worshipper of Zin the Law-Giver
  1471 | D:3      | Reached * piety under Zin
  1612 | D:3      | Found a transporter.
  1623 | D:3      | Found a transporter.
  1663 | D:3      | Found an ornate altar of the Wu Jian Council.
  1734 | D:3      | Reached skill level 1 in Invocations
  1893 | D:4      | Reached XP level 5. HP: 46/47 MP: 4/6
  2464 | D:4      | Noticed an ogre
  2472 | D:4      | Killed an ogre
  2473 | D:4      | Reached XP level 6. HP: 48/55 MP: 6/8
  2613 | D:4      | Reached ** piety under Zin
  2672 | D:5      | Entered Level 5 of the Dungeon
  2672 | D:5      | Found Yjuinie's General Store.
  2790 | D:5      | Reached skill level 5 in Fighting
  2965 | D:5      | Reached XP level 7. HP: 51/61 MP: 8/10
  3063 | D:5      | Found a staircase to the Ecumenical Temple.
  3111 | D:5      | Found Mous's Self-Published Books.
  3401 | D:5      | HP: 1/61 [black bear (5)]
  3402 | D:5      | Slain by a black bear

Illustrated notes

Levels and vault maps discovered:
D:1:      dpeg_arrival_rhombi, layout_rooms, minmay_pentomino_o4
D:2:      layout_loops_ring, hellmonk_ecumenical_altar_prayer_group,
          minmay_lizard_pond
D:3:      gammafunk_wand_slinger, layout_basic, zin_scriptorium,
          nicolae_wu_jian_wuxing_cycle
D:4:      layout_gridville, nicolae_ossuary_entry_ruins, minivault_5
D:5:      layout_loops_ring, temple_pool_b, nicolae_custom_books,
          nicolae_stop_n_shop_2, grunt_decor_cap, minmay_manual_moon

Skill      XL: |  1  2  3  4  5  6  7 |
---------------+----------------------+-----
Fighting       | 4 5 |  5.3
Polearms       | 3 4 |  4.0
Shields        | 4 |  4.8
Armour         | 4 |  4.7
Invocations    | 1 3 4 |  4.4

Action                     |  1- 3 |  4- 6 |  7- 9 || total
---------------------------+-------+-------+-------++-------
  Melee: Trident           |   122 |   187 |    42 ||   351
 Invoke: Recite            |       |       |     1 ||     1
    Use: Potion            |       |     1 |     2 ||     3
 Armour: Scale mail        |     9 |       |       ||     9
         Plate armour      |    74 |    69 |    22 ||   165
  Dodge: Dodged            |    34 |    25 |    13 ||    72
  Block: Buckler           |    67 |    69 |    29 ||   165
         Reflection        |       |     1 |     2 ||     3

Table legend: (Time is in decaauts)
 A = Elapsed time spent in this place.
 B = Non-inter-level travel time spent in this place.
 C = Inter-level travel time spent in this place.
 D = Time resting spent in this place.
 E = Time spent auto-exploring this place.
 F = Levels seen in this place.
 G = Mean time per level.
                   A        B        C        D        E       F      G
               +--------+--------+--------+--------+--------+-----+--------+
         Total |   3461 |   3361 |    100 |     11 |   2562 |   5 |  692.2 |
       Dungeon |   3461 |   3361 |    100 |     11 |   2562 |   5 |  692.2 |
               +--------+--------+--------+--------+--------+-----+--------+

Top non-repeatable levels by time:
     D:4: 798 daAuts
     D:2: 743 daAuts
     D:5: 742 daAuts
     D:3: 642 daAuts
     D:1: 533 daAuts
